Map: Torres Crepusculares

Players

TheZergLord - Winner!

  • Race: Zerg Zerg
  • League: Master

XIX

  • Race: Terran Terran
  • League: Grandmaster

VOD

Have the link to the VOD?

Description

Time

  • Played on: May 6, 2016, 12:11 p.m.
  • Length: 11:12
Show
View Real Time Build Order
Export as new Build Order

TheZergLord Zerg - Winner!

Build Orders: Hatch First, Muta Ling Bane 

Get SALT Encoding   

  12  0:01  Drone  
  13  0:12  Overlord  
  13  0:17  Drone  
  14  0:32  Drone x2  
  14  0:35  Drone  
  17  0:53  Hatchery  
  17  0:56  Drone  
  17  1:09  Spawning Pool  
  16  1:11  Drone  
  16  1:15  Extractor  
  16  1:17  Drone  
  17  1:20  Drone  
  18  1:28  Drone  
  19  1:39  Overlord  
  19  1:56  Queen, Drone  
  19  2:01  Zergling x2  
  23  2:04  Queen  
  23  2:05  Zergling x2  
  26  2:12  Drone  
  27  2:17  Metabolic Boost  
  27  2:22  Overlord  
  27  2:25  Drone  
  27  2:27  Drone  
  29  2:40  Hatchery  
  29  2:43  Drone  
  29  2:48  Drone x2  
  31  2:56  Queen  
  33  3:00  Overlord  
  33  3:03  Drone  
  33  3:04  Drone  
  35  3:13  Drone  
  35  3:18  Drone x3  
  39  3:20  Overlord  
  39  3:23  Drone x3  
  42  3:30  Drone  
  43  3:38  Drone  
  44  3:43  Queen, Drone  
  44  3:44  Queen  
  48  3:53  Queen  
  50  3:57  Overlord x2  
  50  4:00  Zergling x4  
  50  4:01  Zergling x4  
  54  4:03  Spine Crawler  
  53  4:17  Overlord  
  53  4:19  Spore Crawler  
  53  4:21  Drone, Spore Crawler  
  52  4:26  Drone x7  
  52  4:27  Drone x3  
  62  4:37  Lair  
  62  4:39  Drone x2, Spore Crawler  
  63  4:49  Zergling x4  
  63  4:50  Zergling x2  
  63  4:51  Overlord  
  63  4:52  Drone x2  
  68  5:13  Zergling x2  
  68  5:14  Zergling x8  
  60  5:29  Queen  
  60  5:32  Drone x4  
  60  5:33  Drone x3  
  69  5:37  Drone  
  69  5:38  Drone x3  
  69  5:41  Drone  
  74  5:45  Spire, Extractor  
  74  5:46  Extractor  
  74  5:47  Drone x2  
  74  5:49  Evolution Chamber  
  72  5:50  Extractor, Overseer  
  71  5:58  Drone x2  
  71  5:59  Drone  
  71  6:02  Extractor  
  71  6:03  Hatchery  
  72  6:04  Overlord  
  69  6:23  Drone x2  
  69  6:24  Drone x6  
  77  6:29  Extractor  
  77  6:30  Drone x3  
  77  6:31  Zerg Ground Armor Level 1  
  79  6:36  Drone  
  80  6:43  Drone  
  80  6:45  Baneling Nest, Overlord  
  80  6:49  Hatchery  
  79  6:59  Mutalisk  
  81  7:04  Overlord x3, Mutalisk x2  
  81  7:05  Mutalisk  
  81  7:07  Mutalisk  
  89  7:16  Zergling x2  
  89  7:17  Zergling x12  
  89  7:21  Overlord x3  
  96  7:23  Queen  
  96  7:28  Centrifical Hooks  
  98  7:30  Zergling x4  
  98  7:31  Zergling x6  
  98  7:35  Drone  
  98  7:36  Drone  
  105  7:37  Evolution Chamber  
  105  7:40  Mutalisk x4  
  105  7:43  Zergling x2  
  105  7:44  Zergling x10  
  116  7:46  Baneling  
  116  7:47  Baneling x2  
  116  7:49  Overlord  
  116  7:50  Zergling x4  
  114  8:13  Zergling x2  
  114  8:14  Zergling x28  
  114  8:19  Pneumatized Carapace  
  129  8:24  Zerg Melee Weapons Level 1  
  129  8:26  Zerg Ground Armor Level 2  
  129  8:29  Zergling x2  
  129  8:30  Zergling x10  
  129  8:34  Baneling x8  
  134  8:35  Baneling x7  
  134  8:36  Baneling  
  134  8:38  Zergling x8  
  134  8:40  Queen  
  140  8:46  Zergling x10  
  135  9:06  Corruptor x5  
  133  9:10  Drone x12  
  145  9:18  Baneling x6  
  145  9:19  Baneling x2  
  145  9:21  Drone  
  145  9:22  Drone x7  
  153  9:32  Extractor  
  153  9:35  Extractor  
  141  9:46  Corruptor x4  
  141  9:50  Zergling x2  
  141  9:51  Zergling x12  
  146  9:54  Hatchery  
  141  10:05  Zergling x30  
  141  10:06  Zergling x2  
  147  10:27  Zergling x2  
  147  10:28  Zergling x20  
  158  10:34  Infestation Pit  
  157  10:46  Overlord x6  
  157  10:48  Baneling x12  
  157  10:49  Baneling x23  
  155  10:52  Zergling x2  
  155  10:53  Zergling x4  
Show
View Real Time Build Order
Export as new Build Order

XIX Terran 

Build Orders: Hellion Banshee, MMM Bio 

Get SALT Encoding   

  12  0:00  SCV  
  13  0:13  SCV  
  14  0:18  Supply Depot  
  14  0:25  SCV  
  15  0:33  Refinery  
  15  0:39  SCV  
  16  0:48  Barracks  
  16  0:51  SCV  
  17  1:03  SCV  
  18  1:15  SCV  
  19  1:28  SCV  
  20  1:35  Marine  
  21  1:40  Orbital Command  
  21  1:46  Command Center  
  21  1:53  Marine  
  22  1:59  Supply Depot  
  22  2:06  SCV  
  23  2:09  Factory  
  23  2:18  Refinery  
  23  2:20  SCV  
  23  2:21  Barracks Reactor  
  24  2:32  SCV  
  25  2:45  SCV  
  25  2:57  Starport, SCV  
  26  3:01  Hellion x2  
  26  3:02  Orbital Command  
  30  3:10  Barracks Tech Lab, SCV  
  31  3:19  Supply Depot  
  31  3:22  SCV  
  31  3:23  Hellion x2  
  36  3:30  SCV  
  37  3:40  Cloaking Field, Banshee  
  40  3:44  Armory  
  40  3:52  Hellion x2  
  44  3:56  SCV x2  
  46  4:09  Supply Depot  
  46  4:10  SCV  
  46  4:13  Hellion  
  46  4:14  Hellion  
  51  4:17  SCV  
  52  4:31  Banshee  
  55  4:34  SCV x2  
  55  4:35  Hellion x2  
  55  4:37  Supply Depot  
  61  4:47  Barracks Tech Lab, SCV  
  62  4:58  Hellion x2, SCV  
  67  5:10  SCV x2  
  54  5:22  SCV x2  
  49  5:29  Stimpack  
  49  5:31  Command Center  
  49  5:34  SCV  
  54  5:36  Marine  
  49  5:44  SCV  
  49  5:45  Refinery, Barracks  
  49  5:46  Barracks x2  
  49  5:47  Refinery, Barracks  
  49  5:48  SCV  
  51  5:55  Marine  
  51  5:56  SCV  
  53  6:00  SCV  
  54  6:07  Liberator x2  
  54  6:08  SCV  
  52  6:17  SCV  
  49  6:21  Marine  
  49  6:24  SCV  
  49  6:25  Thor  
  63  6:27  Terran Vehicle Weapons Level 1  
  63  6:36  Barracks Reactor x4  
  63  6:37  SCV x2  
  65  6:40  Supply Depot  
  65  6:42  Supply Depot  
  65  6:43  Supply Depot  
  65  6:45  Engineering Bay  
  65  6:46  Orbital Command  
  65  6:47  Engineering Bay  
  65  6:50  SCV x2  
  67  6:55  Marine  
  68  7:06  Medivac  
  68  7:07  Medivac  
  72  7:13  Marine  
  72  7:14  Terran Infantry Weapons Level 1, Terran Infantry Armor Level 1  
  72  7:15  Missile Turret  
  73  7:16  Missile Turret  
  73  7:17  Bunker  
  73  7:18  Missile Turret  
  73  7:21  Marine x3  
  76  7:22  Marine  
  76  7:23  Marine x2  
  76  7:28  Marine x2  
  76  7:29  Orbital Command  
  81  7:30  Liberator x2  
  81  7:33  Missile Turret  
  81  7:34  SCV x2  
  83  7:39  Marine x2  
  83  7:40  Marine x2  
  83  7:41  Marine x2  
  89  7:44  Marine  
  89  7:46  Marine  
  89  7:48  SCV  
  89  7:51  Marine  
  98  7:56  Marine  
  100  8:05  Marine x4  
  103  8:15  Marine x3  
  103  8:19  Supply Depot  
  106  8:20  Supply Depot x2  
  106  8:22  Combat Shields  
  106  8:29  Command Center  
  106  8:36  Marine  
  106  8:37  Marine x2  
  106  8:40  Medivac x2  
  96  9:03  Liberator x2  
  96  9:06  Marine x2  
  96  9:08  Marine  
  96  9:09  Marine x5  
  79  9:10  Marine  
  79  9:11  Widow Mine  
  76  9:23  Barracks  
  76  9:24  Marine x2  
  82  9:25  Barracks  
  82  9:26  Marine  
  82  9:27  Marine x5  
  82  9:28  Marine  
  91  9:34  Bunker  
  91  9:37  Bunker  
  91  9:40  Widow Mine  
  91  9:42  Marine x2  
  91  9:44  Marine x3  
  91  9:45  Marine x2  
  74  9:48  Marine x2  
  67  9:59  Marine  
  66  10:00  Marine  
  66  10:02  Marine x3  
  66  10:03  Marine x2  
  66  10:06  Marine x2  
  70  10:17  Marine  
  70  10:18  Marine  
  70  10:19  Marine  
  70  10:20  Marine x2  
  70  10:21  Marine  
  76  10:24  SCV x2  
  78  10:29  Marine, Orbital Command  
  78  10:35  Marine  
  82  10:36  Marine, SCV x2  
  82  10:40  Supply Depot  
  82  10:41  Supply Depot  
  83  10:46  Marine  
  83  10:47  Marine x3  
  83  10:48  SCV  
  88  10:54  Marine x2  
Tags
 
Add a new tag
Caveats
  • Supply blocks, unpowered buildings, or Contaminate may cause inaccurate times.
  • Supply counts are checked every 10 seconds.